 Dungeon Crawl Stone Soup version 0.29.1-15-g9cfb28693d (webtiles) character file.

Game seed: 16204294890120119618

24553 fakeacct the Severer (level 13, -2/154 HPs)
             Began as a Human Berserker on Mar 22, 2023.
             Was a High Priest of Trog.
             Slain by a shock serpent (8 damage)
             ... on level 1 of the Snake Pit.
             The game lasted 00:53:58 (18880 turns).

fakeacct the Severer (Human Berserker)             Turns: 18880, Time: 00:53:59

Health: -2/154     AC: 38    Str: 28    XL:     13   Next: 43%
Magic:  13/13      EV:  6    Int:  8    God:    Trog [*****.]
Gold:   1410       SH:  5    Dex: 13    Spells: 12/12 levels left

rFire   . . .      SeeInvis .   H - +1 battleaxe (freeze)
rCold   + . .      Faith    .   (shield currently unavailable)
rNeg    . . .      Spirit   .   J - +15 Maxwell's patent armour {-Cast -Tele rElec Will+ rCorr}
rPois   +          Reflect  +   R - +2 helmet of Moudaora {rElec rC+}
rElec   +          Harm     .   p - +2 cloak
rCorr   +          Rampage  .   G - +0 pair of gloves
Will    +....      NoTele   +   (no boots)
Stlth   .......... NoCast   +   d - amulet of reflection
HPRegen 0.35/turn               B - +6 ring of strength
MPRegen 0.13/turn               n - ring of poison resistance

@: berserking, lethally poisoned (-2 -> -35), constricted, very quick
A: no striking features
a: Renounce Religion, Berserk, Trog's Hand, Brothers in Arms


You were on level 1 of the Snake Pit.
You worshipped Trog.
Trog was extremely pleased with you.
You visited 3 branches of the dungeon, and saw 14 of its levels.
You also visited: Sewer and Bailey.

You collected 1410 gold pieces.

Inventory:

Hand Weapons
 t - a +0 battleaxe
 w - a +0 war axe
 H - a +1 battleaxe of freezing (weapon)
Missiles
 C - 5 throwing nets (quivered)
Armour
 p - a +2 cloak (worn)
 G - a +0 pair of gloves (worn)
 J - the +15 Maxwell's patent armour (worn) {-Cast -Tele rElec Will+ rCorr}
   (You found it in a bailey)

   rElec:     It insulates you from electricity.
   -Cast:     It prevents spellcasting.
   -Tele:     It prevents most forms of teleportation.
   rCorr:     It protects you from acid and corrosion.
   Will:      It increases your willpower.
 R - the +2 helmet of Moudaora (worn) {rElec rC+}
   (You found it on level 1 of the Lair of Beasts)

   rC:        It protects you from cold.
   rElec:     It insulates you from electricity.
Jewellery
 b - an amulet of faith
 d - an amulet of reflection (around neck)
 e - a ring of protection from fire
 m - a ring of resist corrosion
 n - a ring of poison resistance (right hand)
 o - a ring of poison resistance
 x - a ring of positive energy
 B - a +6 ring of strength (left hand)
 D - a ring of protection from fire
 E - a ring of magical power
 N - a +6 ring of dexterity
 S - a ring of see invisible
Wands
 a - a wand of roots (8)
 c - a wand of light (6)
 q - a wand of polymorph (9)
 r - a wand of flame (33)
 v - a wand of mindburst (3)
 F - a wand of digging (8)
Scrolls
 f - 3 scrolls of vulnerability
 h - 11 scrolls of identify
 i - 10 scrolls of teleportation
 k - 4 scrolls of fog
 u - 2 scrolls of fear
 y - 3 scrolls of blinking
 A - 3 scrolls of enchant weapon
 M - a scroll of magic mapping
 O - 2 scrolls of poison
 P - 3 scrolls of torment {unknown}
Potions
 g - 3 potions of heal wounds
 j - 3 potions of mutation
 l - 6 potions of curing
 s - a potion of haste
 z - 4 potions of might
 I - 4 potions of lignification
 K - 2 potions of flight
 L - a potion of magic
 Q - a potion of cancellation {unknown}


   Skills:
 + Level 9.9 Fighting
 + Level 15.1 Axes
 + Level 10.6 Armour
 + Level 4.4 Dodging
 + Level 2.1 Stealth
 + Level 6.4 Shields


You had 12 spell levels left.
You didn't know any spells.
Your spell library was empty.

Dungeon Overview and Level Annotations

Branches:
Dungeon (11/15)            Temple (0/1) D:4            Lair (2/5) D:11
  Snake (1/4) Lair:2          Orc (0/2) D:9           Sewer (visited)
 Bailey (visited)
  Swamp: Lair:2-3    Shoals: Lair:2-3

Altars:
Cheibriados
Dithmenos
Kikubaaqudgha
Sif Muna
Vehumet
Xom
Zin

Shops:
D:2 ([(?   D:9 :   D:11 (

Annotations:
Lair:2 2 transporters, MisterFreud's ghost, novice FeBe


Message History

You freeze the anaconda.
You kill the anaconda!
Trog accepts your kill.
You hit the nagaraja but do no damage.
You feel sick.
The naga sharpshooter shoots an arrow.
The arrow hits you!
* * * LOW HITPOINT WARNING * * *
The nagaraja barely misses you. The nagaraja grabs you.
The nagaraja constricts you.
* * * LOW HITPOINT WARNING * * *
You slash the naga! You freeze the naga.
You kill the naga!
Trog accepts your kill.
You hit the guardian serpent. You freeze the guardian serpent.
You slash the nagaraja! You freeze the nagaraja.
You feel very sick.
You block the guardian serpent's attack.
The nagaraja gestures at you while chanting.
The poison arrow hits you but does no damage.
You are lethally poisoned!
The nagaraja constricts you.
The naga sharpshooter mumbles some strange words.
The naga sharpshooter magically shoots an arrow.
The arrow hits you.
* * * LOW HITPOINT WARNING * * *
You barely miss the shock serpent. You slash the guardian serpent!
You freeze the guardian serpent. You slice the nagaraja!!
You freeze the nagaraja.
* * * LOW HITPOINT WARNING * * *
You feel very sick. The guardian serpent hits you.
* * * LOW HITPOINT WARNING * * *
The nagaraja gestures at you while chanting.
The poison arrow hits you.
You are more poisoned.
You partially resist.
* * * LOW HITPOINT WARNING * * *
The nagaraja constricts you.
* * * LOW HITPOINT WARNING * * *
The shock serpent bites you!
You die...

.......# .#''''#######
#. .#....###...# ###..
.#..........# #...#.
.+....###''## #.....#
.######.....#####.......
.# #......#...#.....# .#
#.....#...)S#...# .#
#.....#...@N.# .#
#.....#....S#...# .#
#......#...#.....#
#.....#####N......
##...## #.....# #+++#
#...#. ###.. #.


You could see a nagaraja (fast), a naga sharpshooter, a shock serpent and a
guardian serpent.

Vanquished Creatures
  6 hydras
  A two-headed ogre (D:8)
  An anaconda (Snake:1)
  A fire crab (shapeshifter) (D:11)
  Pikel (D:6)
  An ugly thing (D:10)
  2 black mambas (Snake:1)
  4 cane toads
  3 unseen horrors (D:11)
  Maggie (D:7)
  A komodo dragon (Lair:1)
  2 trolls
  A polar bear (Lair:2)
  4 hornets
  3 slime creatures (D:9)
  Grinder (D:3)
  3 dream sheep (Lair:2)
  9 blink frogs
  Sigmund (D:6)
  2 wraiths
  5 wyverns
  11 yaks
  Eustachio (D:6)
  A basilisk (Lair:1)
  Menkaure (D:7)
  2 nagas (Snake:1)
  Duvessa (D:5)
  7 water moccasins
  13 orc warriors
  3 ice beasts
  2 sky beasts
  3 black bears
  3 ogres (D:6)
  5 centaurs
  A lemure (D:6)
  10 kobold brigands
  8 bullfrogs
  3 gnoll sergeants
  A necrophage (D:7)
  3 scorpions
  9 wights
  Dowan (D:5)
  8 killer bees
  4 crimson imps (D:3)
  5 howler monkeys
  7 hounds
  3 jellies
  3 orc priests
  4 gnoll boudas
  8 iguanas
  5 orc wizards
  26 gnolls
  11 adders
  2 river rats (Sewer)
  A shadow imp (D:6)
  A white imp (D:7)
  An ufetubus (D:4)
  4 worms
  30 orcs
  4 ball pythons
  A bat (D:3)
  6 endoplasms
  6 giant cockroaches
  10 goblins
  7 hobgoblins
  9 jackals
  3 quokkas
  9 frilled lizards
  15 kobolds
  9 rats
344 creatures vanquished.

Vanquished Creatures (others)
  2 orcs (D:5)
  5 fungi
  31 plants
38 creatures vanquished.

Grand Total: 382 creatures vanquished

Notes
Turn   | Place    | Note
-------+----------+-------------------------------------------
     0 | D:1      | fakeacct the Human Berserker began the quest for the Orb.
     0 | D:1      | Reached XP level 1. HP: 18/18 MP: 1/1
   267 | D:1      | Reached XP level 2. HP: 21/24 MP: 2/2
   673 | D:1      | Reached XP level 3. HP: 29/29 MP: 3/3
  1088 | D:2      | Found a shadowy altar of Dithmenos.
  1166 | D:2      | Found Zampal's Armour Shoppe.
  1189 | D:2      | Found Coshriarph's Antique Weapon Shop.
  1413 | D:2      | Found Inia's Magic Scroll Shoppe.
  1493 | D:2      | Reached XP level 4. HP: 36/36 MP: 4/4
  1524 | D:2      | Found Osorrit's Antique Weapon Shop.
  1644 | D:2      | Identified the +1 robe "Fysoho" {Int+3}
  1867 | D:3      | Reached skill level 4 in Axes
  1877 | D:3      | Reached ** piety under Trog
  2026 | D:3      | Reached XP level 5. HP: 23/42 MP: 5/5
  2233 | D:3      | Found a snail-covered altar of Cheibriados.
  2274 | D:3      | Found a shimmering altar of Xom.
  2308 | D:3      | HP: 2/42 [crimson imp (2)]
  2337 | D:3      | Reached XP level 6. HP: 17/48 MP: 6/6
  2683 | D:3      | Reached skill level 5 in Axes
  2793 | D:3      | Noticed Grinder
  2793 | D:3      | Paralysed by Grinder for 2 turns
  2831 | D:3      | Paralysed by Grinder for 3 turns
  2850 | D:3      | Paralysed by Grinder for 2 turns
  2856 | D:3      | Paralysed by Grinder for 3 turns
  2864 | D:3      | Paralysed by Grinder for 3 turns
  2867 | D:3      | Killed Grinder
  2868 | D:3      | Reached XP level 7. HP: 40/55 MP: 7/7
  3637 | D:4      | Found a glowing drain.
  3666 | Sewer    | Entered a sewer
  3777 | Sewer    | Reached skill level 6 in Axes
  4586 | D:4      | Found a staircase to the Ecumenical Temple.
  4618 | D:4      | Reached *** piety under Trog
  4657 | D:4      | Reached XP level 8. HP: 49/54 MP: 8/8
  5418 | D:5      | Entered Level 5 of the Dungeon
  5434 | D:5      | Reached skill level 5 in Fighting
  5448 | D:5      | Noticed Dowan
  5448 | D:5      | Noticed Duvessa
  5459 | D:5      | Killed Duvessa
  5460 | D:5      | Reached skill level 1 in Shields
  5496 | D:5      | Killed Dowan
  5924 | D:5      | Reached skill level 5 in Armour
  6571 | D:6      | Reached skill level 7 in Axes
  6571 | D:6      | Reached skill level 1 in Stealth
  6651 | D:6      | Noticed Eustachio
  6654 | D:6      | Noticed Sigmund
  6662 | D:6      | Reached XP level 9. HP: 68/68 MP: 9/9
  6666 | D:6      | Killed Eustachio
  6673 | D:6      | Killed Sigmund
  6674 | D:6      | Reached skill level 8 in Axes
  7413 | D:6      | Noticed a hornet
  7425 | D:6      | Killed a hornet
  7426 | D:6      | Reached skill level 9 in Axes
  7428 | D:6      | Reached XP level 10. HP: 76/76 MP: 10/10
  7728 | D:6      | Found a glowing silver altar of Zin.
  7728 | D:6      | Found an ancient bone altar of Kikubaaqudgha.
  7751 | D:6      | Noticed Pikel
  7765 | D:6      | Killed Pikel
  7766 | D:6      | Reached skill level 10 in Axes
  8330 | D:7      | Noticed Menkaure
  8338 | D:7      | Killed Menkaure
  8856 | D:7      | Noticed Maggie
  8871 | D:7      | Killed Maggie
  9050 | D:7      | Reached **** piety under Trog
  9257 | D:7      | Reached skill level 11 in Axes
  9258 | D:7      | Reached XP level 11. HP: 64/84 MP: 11/11
 10597 | D:8      | Noticed a two-headed ogre
 10605 | D:8      | Killed a two-headed ogre
 11135 | D:8      | Reached skill level 12 in Axes
 11797 | D:8      | Found a shimmering blue altar of Sif Muna.
 12536 | D:9      | Found Lumuegoc's Book Shoppe.
 12553 | D:9      | Reached skill level 5 in Shields
 12786 | D:9      | HP: 2/87 [killer bee (6)]
 13608 | D:9      | Found a staircase to the Orcish Mines.
 13681 | D:10     | Entered Level 10 of the Dungeon
 13804 | D:10     | Noticed a green ugly thing
 13806 | D:10     | Noticed a five-headed hydra
 13827 | D:10     | Killed a green ugly thing
 13829 | D:10     | Reached XP level 12. HP: 94/94 MP: 12/12
 13833 | D:10     | Killed a ten-headed hydra
 14184 | D:10     | Found a flagged portal.
 14202 | Bailey   | Entered a bailey
 14342 | Bailey   | Found the +15 Maxwell's patent armour {-Cast -Tele rElec
                  | Will+ rCorr}
 14438 | Bailey   | Found an iron altar of Okawaru.
 14472 | Bailey   | Identified the +1 crystal plate armour "Etodum" {Will+
                  | Dex+2}
 14710 | D:10     | Reached skill level 13 in Axes
 14739 | D:10     | Found a radiant altar of Vehumet.
 15452 | D:11     | Found Atakyluf's Weapon Boutique.
 15460 | D:11     | Noticed an eight-headed hydra
 15477 | D:11     | Killed a 12-headed hydra
 15592 | D:11     | Noticed an eight-headed hydra
 15601 | D:11     | Killed a 13-headed hydra
 16118 | D:11     | Noticed a fire crab
 16129 | D:11     | Killed a fire crab
 16130 | D:11     | Reached skill level 10 in Armour
 16262 | D:11     | Found a staircase to the Lair.
 16656 | Lair:1   | Entered Level 1 of the Lair of Beasts
 16904 | Lair:1   | Reached skill level 14 in Axes
 17085 | Lair:1   | Reached XP level 13. HP: 101/101 MP: 13/13
 17148 | Lair:1   | Noticed a four-headed hydra
 17162 | Lair:1   | Killed a ten-headed hydra
 17364 | Lair:1   | Identified the +2 helmet of Moudaora {rElec rC+}
 17410 | Lair:1   | Reached ***** piety under Trog
 17849 | Lair:2   | Found a staircase to the Snake Pit.
 17966 | Lair:2   | Noticed a four-headed hydra
 17980 | Lair:2   | Killed an 11-headed hydra
 18368 | Lair:2   | Noticed an eight-headed hydra
 18381 | Lair:2   | Killed a 13-headed hydra
 18682 | Lair:2   | Found a transporter.
 18685 | Lair:2   | Found a transporter.
 18697 | Lair:2   | Noticed MisterFreud's ghost (novice FeBe)
 18831 | Snake:1  | Entered Level 1 of the Snake Pit
 18866 | Snake:1  | Noticed a nagaraja
 18869 | Snake:1  | Noticed an anaconda
 18878 | Snake:1  | Reached skill level 15 in Axes
 18878 | Snake:1  | Killed an anaconda
 18880 | Snake:1  | HP: 7/154 [nagaraja/poison arrow (5)]
 18880 | Snake:1  | Slain by a shock serpent

Illustrated notes

Levels and vault maps discovered:
D:1:      dpeg_arrival_morbid_curiosity, layout_rooms, minmay_fountain_box
D:2:      layout_basic, basic_altar, serial_shops, shop_scrolls,
          nicolae_shop_waterfront, shop, shop, dk_noncrumbling_4,
          chequers_serial_rivers_room_b
D:3:      layout_basic, led_xom_imps, cheibrodos_worm_habitat, uniq_grinder
D:4:      layout_basic, minmay_temple_entry_gardened_gates,
          cheibrodos_sewer_entry_sluice, serial_rivers,
          chequers_serial_rivers_small_b, chequers_serial_rivers_micro_e,
          chequers_serial_rivers_small_3, chequers_serial_rivers_large_b,
          chequers_serial_rivers_large_a
D:5:      layout_loops_ring, uniq_duvessa
D:6:      minmay_bubble_buster, layout_basic, amethyst_overflow_temple_binary,
          uniq_eustachio, uniq_sigmund, uniq_pikel
D:7:      minmay_polygon_palace, layout_basic, uniq_menkaure, uniq_maggie
D:8:      layout_basic, kennysheep_mini
D:9:      layout_rooms, david_orc_4, grunt_decor_arrowhead,
          kennysheep_small_square
D:10:     layout_gridville, vehumet_crystals, enter_bailey_3, minmay_checkerbox
D:11:     layout_basic, dpeg_oklobed_lair, serial_shops, nicolae_take_the_stairs
Lair:1:   layout_regular_city, grunt_megastairs_3, infiniplex_staircase_pool_2,
          serial_bayou_shore_b
Lair:2:   layout_hall_layers, dummy_snake_entry, gammafunk_ghost_hive,
          minivault_24, dreamdust_gnoll_shepherd
Snake:1:  nicolae_snakescales, layout_gridlike, uniq_aizul

Skill      XL: |  1  2  3  4  5  6  7  8  9 10 11 12 13 |
---------------+----------------------------------------+-----
Axes           | 4 5 6 7 9 11 12 14 15 | 15.1
Fighting       | 4 5 6 7 8 9 |  9.9
Armour         | 3 5 6 7 8 10 | 10.6
Dodging        | 3 4 |  4.4
Shields        | 2 3 4 5 6 |  6.4
Stealth        | 1 2 |  2.1

Action                   |  1- 3 |  4- 6 |  7- 9 | 10-12 | 13-15 || total
-------------------------+-------+-------+-------+-------+-------++-------
Melee: Hand axe          |    94 |   220 |   259 |       |       ||   573
       Punch             |     1 |     2 |     5 |     1 |       ||     9
       War axe           |       |       |   182 |    99 |       ||   281
       Battleaxe         |       |       |       |   572 |    86 ||   658
Invok: Berserk           |       |     3 |     5 |    14 |     1 ||    23
       Trog's Hand       |       |     1 |     1 |       |       ||     2
  Use: Potion            |       |     1 |     9 |     2 |       ||    12
       Scroll            |       |       |    11 |     5 |       ||    16
 Stab: Sleeping          |     1 |       |       |       |       ||     1
Armor: Animal skin       |     3 |       |       |       |       ||     3
       Chain mail        |    37 |   123 |   276 |   237 |       ||   673
       Skin              |       |     8 |       |       |       ||     8
       Plate armour      |       |       |       |   299 |   129 ||   428
Dodge: Dodged            |    41 |   105 |   179 |   317 |    51 ||   693
Block: Other             |       |       |   123 |   184 |    31 ||   338
       Reflection        |       |       |     4 |     6 |       ||    10
